 Dungeon Crawl Stone Soup version 0.30-a0-728-gc68057be0a (webtiles) character file.

Game seed: 15093840197564120360

44 browni3141 the Digger (level 3, -12/26 HPs)
             Began as a Human Earth Elementalist on Jan 30, 2023.
             Mangled by an ogre
             ... wielding a +0 giant spiked club
              (38 damage)
             ... on level 3 of the Dungeon.
             The game lasted 00:02:50 (1556 turns).

browni3141 the Digger (Human Earth Elementalist)    Turns: 1556, Time: 00:02:50

Health: -12/26     AC:  2    Str:  8    XL:     3   Next: 85%
Magic:  4/6        EV: 11    Int: 17    God:
Gold:   73         SH:  3    Dex: 13    Spells: 3/6 levels left

rFire   . . .      SeeInvis .    i - +0 dagger
rCold   . . .      Faith    .    e - +0 buckler
rNeg    . . .      Spirit   .    a - +0 robe
rPois   .          Reflect  .    (no helmet)
rElec   .          Harm     .    (no cloak)
rCorr   .          Rampage  .    (no gloves)
Will    .....                    (no boots)
Stlth   ++                       (no amulet)
HPRegen 0.24/turn                (no ring)
MPRegen 0.10/turn                (no ring)

@: no status effects
A: no striking features
a: no special abilities


You were on level 3 of the Dungeon.
You visited 1 branch of the dungeon, and saw 3 of its levels.

You collected 73 gold pieces.

Inventory:

Hand Weapons
 i - a +0 dagger (weapon)
 p - a +0 short sword
Armour
 a - a +0 robe (worn)
 e - a +0 buckler (worn)
Magical Staves
 k - a staff of poison
Scrolls
 c - a scroll of silence
 f - a scroll of vulnerability
 h - a scroll of magic mapping
 m - a scroll of teleportation
 o - a scroll of enchant armour
 q - a scroll of acquirement {unknown}
Potions
 b - a potion of magic
 d - a potion of flight {unknown}
 g - a potion of cancellation
 j - a potion of brilliance {unknown}
 l - 2 potions of mutation {unknown}
 n - a potion of heal wounds {unknown}


   Skills:
 - Level 1.0 Fighting
 - Level 2.0 Dodging
 - Level 2.0 Stealth
 - Level 2.0 Spellcasting
 - Level 2.0 Transmutations
 * Level 3.9 Earth Magic


You had 3 spell levels left.
You knew the following spells:

 Your Spells              Type           Power      Damage    Failure   Level
a - Sandblast             Erth           30%        2d9       5%          1
b - Passwall              Tmut/Erth      9%         N/A       12%         2

Your spell library contained the following spells:

 Spells                   Type           Power      Damage    Failure   Level
 Stone Arrow              Conj/Erth      16%        3d8       34%         3
 Petrify                  Tmut/Erth      11%        N/A       61%         4


Dungeon Overview and Level Annotations

Branches:
Dungeon (3/15)

Altars:


Message History

The blast of sand hits the kobold.
You kill the kobold!
An ogre comes into view. It is wielding a +0 giant spiked club.
Things that are here:
a +0 dagger; 4 stones An ogre is nearby!
An ogre is nearby!
Casting: Sandblast (safe; 5% risk of failure)
Confirm with . or Enter, or press ? or * to list all spells.
Okay, then.
Unknown command.
There is a stone staircase leading up here.
You climb upwards.
There is a stone staircase leading down here.
There is a stone staircase leading down here.
You climb downwards.
There is a stone staircase leading up here.
A hobgoblin comes into view.
The blast of sand hits the hobgoblin.
The hobgoblin is almost dead.
The blast of sand hits the hobgoblin.
You kill the hobgoblin!
Found a stone staircase leading down.
Found a chain mail.
d - a scroll of identify
As you read the scroll of identify, it crumbles to dust.
g - a potion of cancellation Magic restored.
d - a ruby potion
Found a leather armour.
q - a scroll labelled BAQI RIEDWUXKOR The ogre shouts!
Casting: Sandblast (safe; 5% risk of failure)
Confirm with . or Enter, or press ? or * to list all spells.
Aiming: Passwall (safe; 12% risk of failure)
Press: ? - help, Dir - move target A rock wall.
The ogre hits you with a +0 giant spiked club!!!
Ouch! That really hurt!
You die...

....##..........#
................# #
<......###......# .#
######..........##..# .
....................###..
................###......
................+........
................#........
........[.#.....@.......#
..........#.#####O......#
......#...#.#.............
......#...#.#.#####.......
.........................#
#######...#.#.....#......#
..#####.#.....#.....#
......#.#.....#.....#
.......<#.....#....##


You could see an ogre.

Vanquished Creatures
  3 dart slugs
  An endoplasm (D:2)
  2 giant cockroaches (D:2)
  4 goblins (D:1)
  5 hobgoblins
  3 jackals (D:1)
  4 ball pythons
  3 bats (D:1)
  A frilled lizard (D:1)
  4 kobolds
  3 rats
33 creatures vanquished.

Notes
Turn   | Place    | Note
-------+----------+-------------------------------------------
     0 | D:1      | browni3141 the Human Earth Elementalist began the quest for
                  | the Orb.
     0 | D:1      | Reached XP level 1. HP: 13/13 MP: 3/3
    81 | D:1      | Reached skill level 1 in Fighting
   158 | D:1      | Reached XP level 2. HP: 21/21 MP: 3/5
   165 | D:1      | Learned a level 2 spell: Passwall
   481 | D:1      | Reached XP level 3. HP: 26/26 MP: 2/6
  1139 | D:2      | Identified the +0 chain mail of Rouse {rC+++ Str-2 Dex-4
                  | Stlth+}
  1488 | D:3      | Noticed an ogre
  1556 | D:3      | Mangled by an ogre

Illustrated notes

Levels and vault maps discovered:
D:1:      lemuel_arrival_funnel, layout_loops_ring
D:2:      layout_rooms, minmay_split_cup_small
D:3:      layout_basic, hellmonk_ecumenical_altar_zigzags,
          ebering_ghost_rock_garden

Skill      XL: |  1  2  3 |
---------------+----------+-----
Fighting       | 1 |  1.0
Transmutations | 2 |  2.0
Dodging        | |  2.0
Stealth        | |  2.0
Spellcasting   | |  2.0
Earth Magic    | |  3.9

Action                     || total
---------------------------++-------
   Cast: Sandblast         ||    49
         Passwall          ||     1
    Use: Scroll            ||     6
 Armour: Robe              ||     2
  Dodge: Dodged            ||    11
  Block: Buckler           ||     2

Table legend: (Time is in decaauts)
 A = Elapsed time spent in this place.
 B = Non-inter-level travel time spent in this place.
 C = Inter-level travel time spent in this place.
 D = Time resting spent in this place.
 E = Time spent auto-exploring this place.
 F = Levels seen in this place.
 G = Mean time per level.
                   A        B        C        D        E       F      G
               +--------+--------+--------+--------+--------+-----+--------+
         Total |   1579 |   1512 |     67 |      0 |   1280 |   3 |  526.3 |
       Dungeon |   1579 |   1512 |     67 |      0 |   1280 |   3 |  526.3 |
               +--------+--------+--------+--------+--------+-----+--------+

Top non-repeatable levels by time:
     D:1: 913 daAuts
     D:2: 562 daAuts
     D:3: 104 daAuts
